 Dungeon Crawl Stone Soup version 0.28.0 (webtiles) character file.

Game seed: 956806186600247386

1289 HallandMoats the Timeless (level 8, -1/63 HPs)
             Began as a Demonspawn Fighter on Feb 6, 2022.
             Was a High Priest of Cheibriados.
             Slain by a gnoll sergeant (13 damage)
             ... on level 6 of the Dungeon.
             The game lasted 00:05:29 (6119 turns).

HallandMoats the Timeless (Demonspawn Fighter)      Turns: 6119, Time: 00:05:30

Health: -1/63      AC: 12    Str: 30    XL:     8   Next: 30%
Magic:  12/12      EV: 12    Int: 23    God:    Cheibriados [*****.]
Gold:   262        SH:  6    Dex: 24    Spells: 7/7 levels left

rFire   . . .      SeeInvis .   a - +0 war axe
rCold   . . .      Faith    .   c - +0 buckler
rNeg    . . .      Spirit   .   b - +0 scale mail
rPois   .          Reflect  .   (helmet restricted)
rElec   .          Harm     .   (no cloak)
rCorr   .          Rampage  .   k - +0 pair of gloves
Will    .....                   f - +0 pair of boots
Stlth   +.........              (no amulet)
HPRegen 1.20/turn               (no ring)
MPRegen 0.13/turn               (no ring)

@: very slow
A: antennae 2, yellow scales 2, powered by death 1
a: Renounce Religion, Bend Time, Temporal Distortion, Slouch, Step From Time


You were on level 6 of the Dungeon.
You worshipped Cheibriados.
Cheibriados was extremely pleased with you.
You visited 1 branch of the dungeon, and saw 6 of its levels.

You collected 262 gold pieces.

Inventory:

Hand Weapons
 a - a +0 war axe (weapon)
Missiles
 p - a throwing net (quivered)
Armour
 b - a +0 scale mail (worn)
 c - a +0 buckler (worn)
 f - a +0 pair of boots (worn)
 k - a +0 pair of gloves (worn)
Jewellery
 w - a ring of wizardry
Wands
 s - a wand of charming (8)
 t - a wand of acid (13)
 z - a wand of flame (25)
Scrolls
 e - 3 scrolls of teleportation {unknown}
 g - 9 scrolls of identify {unknown}
 l - 4 scrolls of fear {unknown}
 m - a scroll of vulnerability {unknown}
 r - a scroll of fog {unknown}
 x - 2 scrolls of immolation {unknown}
 y - a scroll of noise {unknown}
Potions
 h - 2 potions of lignification {unknown}
 i - a potion of haste {unknown}
 j - 2 potions of brilliance {unknown}
 n - 2 potions of curing {unknown}
 o - a potion of mutation {unknown}
 q - a potion of magic {unknown}
 u - a potion of attraction {unknown}
 v - a potion of heal wounds


   Skills:
 * Level 5.6 Fighting
 * Level 4.5 Axes
 + Level 4.0 Armour
 + Level 2.6 Dodging
 + Level 4.1 Shields
 * Level 6.0 Invocations


You had 7 spell levels left.
You didn't know any spells.
Your spell library contained the following spells:

 Spells                   Type           Power      Damage    Failure   Level
 Sublimation of Blood     Necr           0%         N/A       52%         2
 Wereblood                Tmut           0%         N/A       52%         2
 Hailstorm                Conj/Ice       0%         3d3       99%         4
 Ice Form                 Ice/Tmut       0%         N/A       99%         4
 Simulacrum               Ice/Necr       0%         N/A       100%        6
 Summon Hydra             Summ           0%         N/A       100%        7


Dungeon Overview and Level Annotations

Branches:
Dungeon (6/15)
 Temple: D:4-7

Altars:
Cheibriados
Gozag
Hepliaklqana
Xom
The Shining One

Shops:
D:4 =


Innate Abilities, Weirdness & Mutations

You have a pair of antennae on your head.
You are mostly covered in yellow scales. (AC +3)
You regenerate a little health from kills.


Message History

You hit the gnoll.
The gnoll is heavily wounded.
You slash the gnoll! You barely miss the gnoll sergeant.
The gnoll hits you with a +0 spear. The gnoll hits you but does no damage.
The gnoll sergeant hits you with a +4 spear of freezing.
The gnoll sergeant freezes you. The gnoll hits you but does no damage.
You barely miss the gnoll.
The gnoll is severely wounded.
You hit the gnoll. You barely miss the gnoll sergeant.
The gnoll closely misses you.
The gnoll sergeant hits you with a +4 spear of freezing.
The gnoll sergeant freezes you. The gnoll hits you with a +0 spear.
Unknown command.
You are too injured to fight recklessly!
Unknown command.
You are too injured to fight recklessly!
Unknown command.
You are too injured to fight recklessly!
You hit the gnoll sergeant.
The gnoll sergeant is moderately wounded.
You hit the gnoll.
You kill the gnoll!
Cheibriados appreciates the change of pace.
You barely miss the gnoll.
The gnoll sergeant hits you with a +4 spear of freezing.
The gnoll sergeant freezes you.
* * * LOW HITPOINT WARNING * * *
You block the gnoll's attack.
The gnoll sergeant hits you with a +4 spear of freezing.
* * * LOW HITPOINT WARNING * * *
The gnoll sergeant freezes you.
* * * LOW HITPOINT WARNING * * *
Unknown command.
You hit the gnoll sergeant.
The gnoll sergeant is heavily wounded.
You slash the gnoll!
You kill the gnoll!
Cheibriados appreciates the change of pace.
The gnoll sergeant hits you with a +4 spear of freezing!
You die...

#####
#.....###....##
##.##......###
###.####....## ....
##..###### #..##
#..#....# # #..#
##...#### .
#..####.### .
.#####..)##..## .
......g@......#
.#....)..).........
##..####..######..
## ....# .. ..##..#
.. #..# ##.# .. #.#
.. #. .. ..#


You could see a gnoll sergeant.

Vanquished Creatures
  A sky beast (D:6)
  A necrophage (D:5)
  2 ogres
  A centaur (D:5)
  A kobold brigand (D:3)
  A gnoll sergeant (D:6)
  A scorpion (D:5)
  A bullfrog zombie (D:6)
  A hound (D:6)
  3 orc priests (D:4)
  A bullfrog skeleton (D:5)
  A gnoll shaman (D:6)
  Jessica (D:2)
  2 orc wizards (D:3)
  A hound skeleton (D:4)
  Robin (D:2)
  16 gnolls
  6 adders
  A shadow imp (D:5)
  A white imp (D:6)
  2 worms
  A dart slug (D:2)
  28 orcs
  9 endoplasms
  4 giant cockroaches
  18 goblins
  12 hobgoblins
  7 jackals
  2 kobolds
  3 quokkas
  3 ball pythons
  3 bats
  A frilled lizard (D:3)
  6 rats
143 creatures vanquished.

Vanquished Creatures (others)
  An orc wizard (D:3)
1 creature vanquished.

Grand Total: 144 creatures vanquished

Notes
Turn   | Place    | Note
-------+----------+-------------------------------------------
     0 | D:1      | HallandMoats the Demonspawn Fighter began the quest for the
                  | Orb.
     0 | D:1      | Reached XP level 1. HP: 18/18 MP: 1/1
   297 | D:1      | Reached skill level 1 in Invocations
   297 | D:1      | Gained mutation: You have a pair of small antennae on your
                  | head. [demonic ancestry]
   297 | D:1      | Reached XP level 2. HP: 17/24 MP: 2/2
   376 | D:1      | Found a faded altar of an unknown god.
   405 | D:1      | Prayed at the altar of an unknown god.
   405 | D:1      | Became a worshipper of Cheibriados the Contemplative
   405 | D:1      | Reached * piety under Cheibriados
  1160 | D:1      | Gained mutation: You have a pair of antennae on your head.
                  | [demonic ancestry]
  1160 | D:1      | Reached XP level 3. HP: 28/29 MP: 4/4
  1582 | D:2      | Noticed Jessica
  1594 | D:2      | Killed Jessica
  1595 | D:2      | Reached skill level 2 in Invocations
  1595 | D:2      | Gained mutation: You regenerate a little health from kills.
                  | [demonic ancestry]
  1595 | D:2      | Reached XP level 4. HP: 15/35 MP: 5/5
  1789 | D:2      | Reached ** piety under Cheibriados
  1896 | D:2      | Noticed Robin
  1914 | D:2      | Killed Robin
  2045 | D:2      | Reached skill level 1 in Dodging
  2600 | D:3      | Gained mutation: You are partially covered in yellow
                  | scales. (AC +2) [demonic ancestry]
  2600 | D:3      | Reached XP level 5. HP: 36/42 MP: 6/6
  2603 | D:3      | Reached *** piety under Cheibriados
  2647 | D:3      | Reached skill level 3 in Invocations
  3089 | D:3      | Found a hazy altar of Hepliaklqana.
  3098 | D:3      | Reached XP level 6. HP: 31/48 MP: 8/8
  3200 | D:3      | Found a faded altar of an unknown god.
  3286 | D:3      | Reached **** piety under Cheibriados
  3347 | D:3      | Found an opulent altar of Gozag.
  3823 | D:4      | Reached skill level 4 in Invocations
  4067 | D:4      | Found Ytsomagh's Jewellery Shop.
  4142 | D:4      | Reached ***** piety under Cheibriados
  4213 | D:4      | Reached XP level 7. HP: 44/55 MP: 10/10
  4669 | D:5      | Entered Level 5 of the Dungeon
  4723 | D:5      | Found a shimmering altar of Xom.
  4888 | D:5      | Reached skill level 5 in Invocations
  5013 | D:5      | Reached skill level 5 in Fighting
  5483 | D:6      | Gained mutation: You are mostly covered in yellow scales.
                  | (AC +3) [demonic ancestry]
  5483 | D:6      | Reached XP level 8. HP: 46/62 MP: 12/12
  5870 | D:6      | Reached skill level 6 in Invocations
  6119 | D:6      | Slain by a gnoll sergeant

Illustrated notes

Levels and vault maps discovered:
D:1:      ncdulo_smallfort, layout_basic, ebering_ecumenical_altar_sacrificial,
          minmay_misc_feat_nine_boxes
D:2:      layout_basic, uniq_jessica, uniq_robin
D:3:      minmay_evil_eye, layout_basic, amcnicky_altar_gilded,
          beargit_hepliaklqana_dungeon_heroes
D:4:      layout_rooms, marbit_many_paths, nicolae_stop_n_shop_1,
          hangedman_abyss_or_decor_passed, kennysheep_big_empty_room
D:5:      layout_rooms, nicolae_overflow_crystal_walls, kennysheep_crisscross
D:6:      layout_layer_cave, bloody_makhleb, minmay_temple_entry_from_below_b

Skill      XL: |  1  2  3  4  5  6  7  8 |
---------------+-------------------------+-----
Axes           | 2 3 4 |  4.5
Invocations    | 1 2 3 4 5 6 |  6.0
Armour         | 3 4 |  4.0
Shields        | 3 4 |  4.1
Dodging        | 1 2 |  2.6
Fighting       | 4 5 |  5.6

Action                   |  1- 3 |  4- 6 |  7- 9 || total
-------------------------+-------+-------+-------++-------
Melee: War axe           |    78 |   214 |    97 ||   389
  Use: Potion            |       |       |     1 ||     1
Armor: Scale mail        |    40 |   130 |    55 ||   225
Dodge: Dodged            |    42 |   106 |    56 ||   204
Block: Buckler           |    20 |    82 |    42 ||   144
